Map: Coda EC

Players

Gollomor - Winner!

  • Race: Protoss Protoss
  • League: Grandmaster

AgCl

  • Race: Protoss Protoss
  • League: Grandmaster

VOD

Have the link to the VOD?

Description

Time

  • Played on: June 15, 2015, 6:29 p.m.
  • Length: 5:49
Show
View Real Time Build Order
Export as new Build Order

Gollomor Protoss - Winner!

Build Orders:  

Get SALT Encoding   

  12  0:01  Probe  
  13  0:14  Pylon  
  13  0:17  Probe  
  14  0:32  Probe (Chrono Boost)  
  15  0:42  Probe (Chrono Boost)  
  16  0:53  Gateway, Assimilator  
  16  0:54  Probe  
  17  0:57  Assimilator  
  17  1:15  Gateway  
  17  1:21  Probe (Chrono Boost)  
  18  1:29  Pylon  
  18  1:31  Probe (Chrono Boost)  
  19  1:38  Probe  
  20  1:42  Cybernetics Core  
  20  1:50  Probe (Chrono Boost)  
  22  2:02  Probe (Chrono Boost)  
  22  2:06  Gateway  
  23  2:08  Probe (Chrono Boost)  
  23  2:12  Pylon  
  25  2:25  Adept (Chrono Boost)  
  25  2:26  Adept (Chrono Boost)  
  25  2:29  Warp Gate (Chrono Boost)  
  27  2:43  Mothership Core, Pylon  
  31  2:55  Adept (Chrono Boost)  
  33  3:03  Adept x2 (Chrono Boost)  
  35  3:18  Adept (Chrono Boost)  
  37  3:23  Adept  
  37  3:26  Pylon  
  38  3:42  Probe  
  38  3:43  Gateway  
  39  4:07  Pylon  
  39  4:20  Stalker  
  39  4:21  Stalker x2  
  45  4:31  Forge  
  45  4:50  Stalker x3  
  51  5:02  Stalker  
  53  5:14  Stalker x2  
  53  5:16  Zealot  
  51  5:46  Zealot x2  
  51  5:47  Zealot x2  
Show
View Real Time Build Order
Export as new Build Order

AgCl Protoss 

Build Orders:  

Get SALT Encoding   

  12  0:18  Probe, Pylon  
  13  0:30  Probe  
  14  0:42  Probe (Chrono Boost)  
  15  0:52  Probe (Chrono Boost)  
  16  0:59  Probe  
  16  1:09  Nexus  
  16  1:12  Probe  
  17  1:21  Gateway  
  17  1:25  Probe  
  18  1:33  Assimilator  
  18  1:37  Probe  
  19  1:49  Probe  
  20  1:55  Pylon  
  20  2:01  Probe (Chrono Boost)  
  20  2:04  Assimilator  
  21  2:13  Cybernetics Core  
  21  2:14  Probe (Chrono Boost)  
  22  2:17  Gateway  
  22  2:22  Probe (Chrono Boost)  
  24  2:24  Probe (Chrono Boost)  
  25  2:30  Probe (Chrono Boost)  
  25  2:31  Probe (Chrono Boost)  
  27  2:39  Probe (Chrono Boost)  
  27  2:40  Probe (Chrono Boost)  
  28  2:49  Probe (Chrono Boost)  
  28  2:50  Pylon  
  30  2:51  Probe (Chrono Boost)  
  30  2:57  Warp Gate (Chrono Boost)  
  30  3:00  Mothership Core (Chrono Boost)  
  30  3:01  Pylon  
  33  3:07  Probe (Chrono Boost)  
  32  3:16  Probe x2 (Chrono Boost)  
  34  3:20  Stargate  
  36  3:28  Probe (Chrono Boost)  
  36  3:32  Probe (Chrono Boost)  
  36  3:35  Probe (Chrono Boost)  
  36  3:39  Probe  
  36  3:41  Assimilator  
  38  3:45  Probe  
  38  3:46  Gateway  
  39  3:51  Probe  
  40  3:57  Probe  
  40  4:00  Pylon  
  41  4:03  Probe  
  41  4:04  Phoenix (Chrono Boost)  
  41  4:09  Probe  
  45  4:10  Robotics Facility  
  45  4:12  Pylon  
  45  4:15  Probe  
  46  4:23  Probe (Chrono Boost), Assimilator  
  47  4:27  Probe (Chrono Boost)  
  47  4:31  Fleet Beacon  
  50  4:38  Probe (Chrono Boost)  
  50  4:39  Probe (Chrono Boost)  
  50  4:44  Probe (Chrono Boost), Void Ray (Chrono Boost)  
  55  4:46  Probe  
  55  4:50  Stalker  
  58  4:54  Stalker  
  60  5:01  Stalker  
  60  5:04  Pylon  
  62  5:07  Pylon  
  62  5:13  Stalker  
  64  5:16  Immortal (Chrono Boost)  
  68  5:22  Probe  
  68  5:24  Stalker  
  65  5:33  Zealot  
  57  5:45  Stalker  
Tags
 
Add a new tag
Caveats
  • Supply blocks, unpowered buildings, or Contaminate may cause inaccurate times.
  • Supply counts are checked every 10 seconds.